 Dungeon Crawl Stone Soup version 0.31.0-9-g3a7656b989 (webtiles) character file.

Game seed: 14341240985432828232

1304 EnegeticOcto the Shooter (level 8, -2/33 (39) HPs)
             Began as a Spriggan Hunter on Jan 31, 2024.
             Was an Elder of Jiyva.
             Slain by a laughing skull (11 damage)
             ... on level 8 of the Dungeon.
             The game lasted 00:09:31 (1639 turns).

EnegeticOcto the Shooter (Spriggan Hunter)          Turns: 1639, Time: 00:09:31

HP:   -2/33 (39)    AC:  2    Str:  7    XL:     8   Next: 31%
MP:   0/15          EV: 22    Int: 10    God:    Jiyva [****..]
Gold: 191           SH:  0    Dex: 21    Spells: 15/15 levels left

rFire   . . .        a - +0 shortbow
rCold   . . .        (shield currently unavailable)
rNeg    . . .        c - +0 robe
rPois   .            (helmet currently unavailable)
rElec   .            (cloak currently unavailable)
rCorr   +            (gloves unavailable)
SInv    +            (boots unavailable)
Will    ++...        f - amulet of guardian spirit
Stlth   +++          (no ring)
HPRegen 1.53/turn    (no ring)
MPRegen 0.78/turn

%: guardian spirit
@: beast-form, enlightened, flying, heavily drained, very quick
A: beast (slay +2), very small, no large weapons, unfitting armour, see
invisible, speed 3, talons 1, wild magic 3
a: Begin Untransformation, Renounce Religion, Oozemancy, Slimify


You were on level 8 of the Dungeon.
You worshipped Jiyva.
Jiyva was greatly pleased with you.
You were a hulking beast.
You visited 1 branch of the dungeon, and saw 8 of its levels.
You also visited: Ossuary.

You collected 191 gold pieces.

Inventory:

Hand Weapons
 a - a +0 shortbow (weapon)
 h - a +1 dagger of electrocution
   (You found it on level 3 of the Dungeon)
 n - a +0 dagger of venom
   (You took it off an orc wizard on level 5 of the Dungeon)
Missiles
 p - 5 datura-tipped darts
 r - 6 poisoned darts
Armour
 c - a +0 robe (worn)
Jewellery
 f - an amulet of guardian spirit (around neck)
   (You found it on level 3 of the Dungeon)
Talismans
 e - a beast talisman (active)
   (You found it on level 3 of the Dungeon)
Scrolls
 b - a scroll of butterflies {!r}
 d - a scroll of enchant armour {unknown}
 g - a scroll of immolation {unknown}
 j - a scroll of identify {unknown}
 l - a scroll of poison {unknown}
 m - a scroll of teleportation {unknown}
 q - a scroll of revelation {unknown}
Potions
 o - a potion of heal wounds {unknown}
 s - a potion of cancellation {unknown}


   Skills:
 + Level 2.0 Fighting
 * Level 7.8 Ranged Weapons
 + Level 6.7 Dodging
 - Level 4.0 Stealth
 + Level 4.2 Spellcasting
 + Level 4.2 Shapeshifting


You had 15 spell levels left.
You didn't know any spells.
Your spell library contained the following spells:

 Spells                   Type           Power      Damage    Failure   Level
 Volatile Blastmotes      Fire/Tloc      8%         2d10      82%         3
 Fulminant Prism          Conj/Alch      2%         3d5       99%         4
 Iskenderun's Mystic Bla  Conj/Tloc      4%         2d3       99%         4


Dungeon Overview and Level Annotations

Branches:
Dungeon (8/15) Zot: 26922  Temple (0/1) D:7         Ossuary (visited)
   Lair: D:8-11

Altars:
Ashenzari
Dithmenos
Elyvilon
Fedhas
Makhleb
Nemelex Xobeh
Xom
Zin
The Shining One
Jiyva

Annotations:
D:3 Grinder
D:5 Pikel


Innate Abilities, Weirdness & Mutations

You are a hulking beast.
Your limbs bulge with bestial killing power. (Slay +2)
You are very small and have problems with some larger weapons.
You are too small for most types of armour.
You have supernaturally acute eyesight. (SInv)
You cover ground extremely quickly. (Speed+++)
You have sharp toenails.
Your spells are much harder to cast, but much more powerful.


Message History

The arrow hits the wight but does no damage.
The wight is lightly damaged.
The wight hits you with a +0 scimitar.
You feel drained.
You shoot an arrow. The arrow hits the wight.
The wight is heavily damaged.
The wight hits you but does no damage.
You shoot an arrow. The arrow hits the wight.
The wight is severely damaged.
The wight hits you with a +0 scimitar!
You are too injured to fight recklessly!
Things that are here:
a +0 dagger; a +0 robe You shoot an arrow.
The arrow hits the wight!
You destroy the wight!
Your life force feels restored.
Your Fighting skill increases to level 2!
You hear a distant slurping noise.
An orc comes into view. It is wielding a +0 dagger.
The orc shouts!
An orc is nearby!
You shoot an arrow. The arrow barely misses the orc.
A laughing skull comes into view.
The laughing skull moves out of view.
You shoot an arrow. The arrow hits the orc.
The orc is severely wounded.
You shoot an arrow. The arrow hits the orc!
You kill the orc!
No target in view!
A laughing skull comes into view.
Things that are here:
a +0 dagger; an orc corpse What are your orders? t - Shout!
Orders for allies: a - Attack new target. r - Retreat! s - Stop attacking. g - Guard the area. f - Follow me.
Anything else - Cancel.
You shout for attention!
You hear a hideous shriek! x2
What are your orders? t - Shout!
Orders for allies: a - Attack new target. r - Retreat! s - Stop attacking. g - Guard the area. f - Follow me.
Anything else - Cancel.
Okay, then.
Things that are here:
a +0 dagger; an orc corpse You shoot an arrow.
The arrow closely misses the laughing skull.
The laughing skull gives a hideous shriek!
You shoot an arrow. The arrow misses the laughing skull.
You shoot an arrow.
The laughing skull gives a hideous shriek!
The arrow hits the laughing skull.
The laughing skull is moderately damaged.
The laughing skull headbutts you.
You shoot an arrow. The arrow hits the laughing skull.
The laughing skull is heavily damaged.
The laughing skull headbutts you.
The laughing skull gibbers with scorn.
The bolt of negative energy hits the laughing skull.
The laughing skull completely resists.
The bolt of negative energy misses you. The laughing skull closely misses you.
You shoot an arrow. The arrow hits the laughing skull.
The laughing skull is heavily damaged.
The laughing skull misses you.
The laughing skull attacks as it pursues you!
The laughing skull closely misses you.
You shoot an arrow.
The arrow closely misses the laughing skull. x2
The laughing skull completely misses you.
The laughing skull lets out a vicious peal of laugher.
The bolt of negative energy hits the laughing skull.
The laughing skull completely resists.
The bolt of negative energy misses you. The laughing skull headbutts you!
You shoot an arrow.
The arrow hits the laughing skull but does no damage.
The laughing skull is heavily damaged.
You shoot an arrow. The arrow hits the laughing skull.
The laughing skull is lightly damaged.
The laughing skull barely misses you. The laughing skull misses you.
You shoot an arrow. The arrow hits the laughing skull.
The laughing skull is severely damaged.
The laughing skull gibbers with scorn.
The bolt of negative energy hits you!
You feel drained.
The laughing skull gibbers with scorn.
The bolt of negative energy hits you!!
You feel drained.
* * * LOW HITPOINT WARNING * * *
The laughing skull lets out a vicious peal of laugher.
The bolt of negative energy hits you!
You feel drained.
* * * LOW HITPOINT WARNING * * *
Things that are here:
a +0 dagger; an orc corpse It was a potion of enlightenment.
You feel very buoyant.
You fly up into the air.
The laughing skull headbutts you.
* * * LOW HITPOINT WARNING * * *
It was a potion of curing.
You feel better. The laughing skull headbutts you!
You die...
The laughing skull crumbles to pieces from sheer joy.

#.# #.# #.# #.# #####
#.# #.##### #...# #.#
#....J. # ...### #.#
####### ##. ....# #.#
##... #.#.# #.##
......#.#z######.#)#####
#.......zh.....###).).#
##..###########.#.###.#
# ##.## .# #.# .. #.#
### #.# #.# #.# #.#


You could see 2 laughing skulls.

Vanquished Creatures
  A black bear (D:6)
  A centaur (D:7)
  2 phantoms
  A bullfrog (D:7)
  4 scorpions
  6 wights
  A howler monkey (D:6)
  An orc priest (D:7)
  2 iguanas
  3 sleepcaps
  An orc wizard (D:5)
  7 adders
  A white imp (D:5)
  2 ufetubi (D:6)
  A ribbon worm (D:3)
  17 orcs
  3 ball pythons
  An endoplasm (D:1)
  2 giant cockroaches
  2 hobgoblins (D:4)
  6 jackals (D:4)
  3 kobolds (D:4)
  2 quokkas (D:1)
  5 bats
75 creatures vanquished.

Vanquished Creatures (others)
  2 sleepcaps (D:4)
  An orc wizard (D:4)
  6 orcs
  A ball python (D:2)
  2 endoplasms
  A jackal (D:4)
  A kobold (D:4)
14 creatures vanquished.

Grand Total: 89 creatures vanquished

Notes
Turn   | Place    | Note
-------+----------+-------------------------------------------
     0 | D:1      | EnegeticOcto the Spriggan Hunter began the quest for the
                  | Orb.
     0 | D:1      | Reached XP level 1. HP: 10/10 MP: 2/2
    88 | D:1      | Reached skill level 2 in Stealth
   100 | D:2      | Found a faded altar of an unknown god.
   105 | D:2      | Prayed at the altar of an unknown god.
   105 | D:2      | Became a worshipper of Jiyva Javoall the Shapeless
   105 | D:2      | Reached * piety under Jiyva
   211 | D:3      | Reached skill level 3 in Dodging
   211 | D:3      | Reached XP level 2. HP: 14/14 MP: 3/3
   235 | D:3      | Found a blossoming altar of Fedhas.
   245 | D:3      | Found a burning altar of Makhleb.
   348 | D:3      | Reached XP level 3. HP: 18/18 MP: 4/4
   397 | D:3      | Found a sparkling altar of Nemelex Xobeh.
   419 | D:3      | Noticed Grinder
   527 | D:3      | Found a shadowy altar of Dithmenos.
   536 | D:3      | Reached skill level 1 in Spellcasting
   554 | D:3      | Noticed a water moccasin
   561 | D:3      | Reached ** piety under Jiyva
   598 | D:4      | Noticed a phantom
   611 | D:4      | Reached skill level 1 in Shapeshifting
   641 | D:4      | Killed a phantom
   642 | D:4      | Reached skill level 5 in Ranged Weapons
   642 | D:4      | Reached skill level 3 in Stealth
   642 | D:4      | Reached XP level 4. HP: 19/23 MP: 4/7
   642 | D:4      | Reached XP level 5. HP: 21/26 MP: 4/8
   688 | D:4      | Reached skill level 4 in Dodging
   699 | D:4      | Found a sand-covered staircase.
   708 | Ossuary  | Entered an ossuary
   786 | D:4      | Reached skill level 2 in Spellcasting
   801 | D:5      | Entered Level 5 of the Dungeon
   810 | D:5      | Reached skill level 2 in Shapeshifting
   815 | D:5      | Reached skill level 4 in Stealth
   829 | D:5      | Reached XP level 6. HP: 14/30 MP: 5/10
   939 | D:5      | Reached *** piety under Jiyva
   988 | D:5      | Gained mutation: Your spells are a little harder to cast,
                  | but a little more powerful. [Jiyva's grace]
   988 | D:5      | Gained mutation: Your spells are harder to cast, but more
                  | powerful. [Jiyva's grace]
   988 | D:5      | Gained mutation: Your spells are much harder to cast, but
                  | much more powerful. [Jiyva's grace]
   988 | D:5      | Gained mutation: You have sharp toenails. [Jiyva's grace]
  1003 | D:5      | Found a shimmering altar of Xom.
  1003 | D:5      | Found a shimmering altar of Xom.
  1005 | D:5      | Found a shimmering altar of Xom.
  1055 | D:6      | Reached skill level 6 in Ranged Weapons
  1055 | D:6      | Reached skill level 5 in Dodging
  1055 | D:6      | Reached skill level 3 in Spellcasting
  1055 | D:6      | Reached skill level 3 in Shapeshifting
  1081 | D:6      | Reached XP level 7. HP: 31/34 MP: 12/12
  1163 | D:5      | Noticed Pikel
  1205 | D:6      | Found a white marble altar of Elyvilon.
  1205 | D:6      | Found a glowing silver altar of Zin.
  1205 | D:6      | Found a glowing golden altar of the Shining One.
  1240 | D:7      | Reached **** piety under Jiyva
  1250 | D:7      | Found a staircase to the Ecumenical Temple.
  1415 | D:7      | Reached skill level 4 in Spellcasting
  1415 | D:7      | Reached skill level 4 in Shapeshifting
  1424 | D:7      | Reached skill level 7 in Ranged Weapons
  1424 | D:7      | Reached skill level 6 in Dodging
  1461 | D:7      | Reached XP level 8. HP: 38/38 MP: 15/15
  1516 | D:7      | Found a broken altar of Ashenzari.
  1602 | D:8      | Reached skill level 2 in Fighting
  1637 | D:8      | HP: 1/33 [laughing skull/bolt of negative energy (11)]
  1639 | D:8      | Slain by a laughing skull

Illustrated notes

Levels and vault maps discovered:
D:1:      lightli_arrival_farm, layout_loops_ring
D:2:      wad_lake_hut, layout_loops_corners, basic_ecumenical_altar
D:3:      layout_basic, fedhas_altar_2, nemelex_xobeh_ov_fountains_minmay,
          mainiacjoe_overflow_alcove_4, grunt_dithmenos_smoke_and_mirrors,
          cheibrodos_sewer_entry_bend, uniq_ijyb, uniq_grinder
D:4:      layout_cave_pools, nicolae_gozag_cash_rules_everything_around_me,
          nicolae_ossuary_entry_monument
D:5:      minmay_chambers_of_fours, layout_cave_pools, xom_redecorated,
          uniq_pikel
D:6:      mumra_celtic_spiral_tile, layout_loops_ring, good_gods_mini_temple,
          vehumet_crystals, hangedman_decor_diamond_cutter
D:7:      layout_cave_pools, mainiacjoe_overflow_surrounded_room, temple_green
D:8:      layout_loops_ring, nicolae_ru_sacrificial_ziggurat,
          hangedman_abyss_or_decor_slice, the_hattery

Skill      XL: |  1  2  3  4  5  6  7  8 |
---------------+-------------------------+-----
Stealth        | 2 3 4 |  4.0
Dodging        | 3 4 5 6 |  6.7
Spellcasting   | 1 2 3 4 |  4.2
Shapeshifting  | 1 2 3 4 |  4.2
Ranged Weapons | 5 6 7 |  7.8
Fighting       | 2 |  2.0

Action                     |  1- 3 |  4- 6 |  7- 9 || total
---------------------------+-------+-------+-------++-------
   Fire: Shortbow          |   130 |   122 |   129 ||   381
    Use: Scroll            |     1 |       |       ||     1
         Potion            |       |       |     2 ||     2
 Armour: Robe              |    40 |    22 |    39 ||   101
  Dodge: Dodged            |    93 |    49 |    80 ||   222
   Form: Beast             |     1 |       |       ||     1

Table legend:
 A = Kills in this place as a percentage of kills in the entire game.
 B = Kills by you in this place as a percentage of kills by you in the entire game.
 C = Kills by friends in this place as a percentage of kills by friends in the entire game.
 D = Other kills in this place as a percentage of other kills in the entire game.
 E = Experience gained in this place as a percentage of experience gained in the entire game.
 F = Experience gained in this place divided by the number of levels of this place that you have seen.
                   A       B       C       D       E      F
               +-------+-------+-------+-------+-------+----------------------
         Total | 100.0 | 100.0 |   N/A | 100.0 | 100.0 | 207.1
       Dungeon | 100.0 | 100.0 |   N/A | 100.0 | 100.0 | 233.0
               +-------+-------+-------+-------+-------+----------------------

Table legend: (Time is in decaauts)
 A = Elapsed time spent in this place.
 B = Non-inter-level travel time spent in this place.
 C = Inter-level travel time spent in this place.
 D = Time resting spent in this place.
 E = Time spent auto-exploring this place.
 F = Levels seen in this place.
 G = Mean time per level.
                   A        B        C        D        E       F      G
               +--------+--------+--------+--------+--------+-----+--------+
         Total |   1230 |   1195 |     35 |      0 |      0 |   9 |  136.7 |
       Dungeon |   1206 |   1171 |     35 |      0 |      0 |   8 |  150.8 |
       Ossuary |     24 |     24 |      0 |      0 |      0 |   1 |   24.0 |
               +--------+--------+--------+--------+--------+-----+--------+

Top non-repeatable levels by time:
     D:4: 241 daAuts
     D:3: 227 daAuts
     D:5: 193 daAuts
     D:7: 189 daAuts
     D:6: 126 daAuts
     D:1: 86 daAuts
     D:8: 76 daAuts
     D:2: 66 daAuts
 Ossuary: 24 daAuts
